 Dungeon Crawl Stone Soup version 0.22-a0-181-gb22368a (webtiles) character file.

611 Amnesiac the Changer (level 7, -4/46 HPs)
             Began as an Octopode Transmuter on Feb 14, 2018.
             Was an Initiate of Gozag.
             Killed from afar by Dowan (24 damage)
             ... with a shard of ice
             ... on level 4 of the Dungeon.
             The game lasted 00:06:15 (4440 turns).

Amnesiac the Changer (Octopode Transmuter)          Turns: 4440, Time: 00:06:16

Health: -4/46      AC:  1    Str:  9    XL:     7   Next: 44%
Magic:  5/10       EV: 15    Int: 15    God:    Gozag
Gold:   116        SH:  0    Dex: 15    Spells: 4/10 levels left

rFire    . . .     SeeInvis .     - Unarmed
rCold    . . .     Gourm    .   (no shield)
rNeg     . . .     Faith    .   (helmet restricted)
rPois    .         Spirit   .   (no amulet)
rElec    .         Reflect  .   l - ring of protection from magic
rCorr    .         Harm     .   m - ring of protection from magic
MR       ++...                  (no ring)
Stlth    ++........             (no ring)
HPRegen  0.15/turn              (no ring)
MPRegen  0.12/turn              (no ring)
                                (no ring)
                                (no ring)

@: gold aura
A: almost no armour, stealthy swim, amphibious, 8 rings, constrict 8, camouflage
1, gelatinous body 1
a: Potion Petition, Call Merchant, Bribe Branch, Renounce Religion


You were on level 4 of the Dungeon.
You worshipped Gozag.
Gozag was aware of your devotion.
You were not hungry.

You visited 2 branches of the dungeon, and saw 5 of its levels.

You collected 165 gold pieces.
You paid 49 gold pieces to Gozag.

Inventory:

Missiles
 a - 21 arrows
 f - 121 stones (quivered)
 o - 12 poisoned needles
Jewellery
 l - a ring of protection from magic (left tentacle)
 m - a ring of protection from magic (right tentacle)
 p - an uncursed ring of wizardry {unknown}
Scrolls
 d - 3 scrolls of remove curse {!r, unknown}
 h - a scroll of noise {!r, unknown}
 i - 3 scrolls of teleportation {!r, unknown}
 n - a scroll of blinking {!r, unknown}
Potions
 e - 2 potions of magic {!q, unknown}
 g - a potion of heal wounds {!q, unknown}
 j - a potion of resistance {!q, unknown}
 k - a potion of lignification {!q, unknown}
Books
 b - a book of Changes

   Spells                             Type                      Level
   a - Beastly Appendage              Transmutation                1
   b - Sticks to Snakes               Transmutation                2
   c - Spider Form                    Transmutation/Poison         3
   d - Ice Form                       Ice/Transmutation            4
   e - Blade Hands                    Transmutation                5
Comestibles
 c - 3 rations


   Skills:
 + Level 3.6 Fighting
 + Level 3.6 Dodging
 * Level 4.8 Unarmed Combat
 - Level 2.0 Spellcasting
 - Level 5.0 Transmutations


You had 4 spell levels left.
You knew the following spells:

 Your Spells              Type           Power        Failure   Level  Hunger
a - Beastly Appendage     Tmut           ###...       2%          1    #......
b - Sticks to Snakes      Tmut           ###.....     4%          2    ###....
c - Spider Form           Tmut/Pois      #.........   24%         3    ###....


Dungeon Overview and Level Annotations

Branches:
Dungeon (4/15)             Temple (1/1) D:4

Altars:
Cheibriados
Dithmenos
Elyvilon
Fedhas
Gozag
Hepliaklqana
Kikubaaqudgha
Makhleb
Nemelex Xobeh
Qazlal
Ru
Sif Muna
Trog
Uskayaw
Wu Jian
Xom
Yredelemnul
Zin

Annotations:
D:4 Dowan


Innate Abilities, Weirdness & Mutations

You cannot wear most types of armour.
You are very stealthy in the water. (Stealth+)
You are amphibious.
You can wear up to eight rings at the same time.
You can use your tentacles to constrict eight enemies at once.
Your skin changes colour to match your surroundings (Stealth+).
Your rubbery body absorbs attacks. (AC +1, EV +1)


Message History

Duvessa is nearby!
Duvessa is nearby!
Casting: Spider Form (safe; 24% risk of failure)
Confirm with . or Enter, or press ? or * to list all spells.
You turn into a venomous arachnid creature.
Duvessa misses you.
You barely miss Duvessa. You barely miss Duvessa.
Duvessa hits you with a short sword!
Dowan, Brother of Duvessa comes into view.
He is wielding a dagger.
You hit Duvessa.
Duvessa is poisoned.
Duvessa is lightly wounded.
Your ball python grabs Duvessa.
Your ball python constricts Duvessa.
Duvessa hits you but does no damage.
Dowan moves out of view.
Your ball python constricts Duvessa.
You hit Duvessa.
Duvessa looks as sick as possible!
Duvessa is moderately wounded.
Duvessa hits your ball python with a short sword!
Your ball python dies!
You hit Duvessa.
Duvessa looks as sick as possible!
Duvessa is heavily wounded.
Duvessa gestures with her weapon.
Duvessa hits you with a short sword.
Dowan drinks a potion.
Dowan seems to speed up.
You hit Duvessa but do no damage.
Duvessa looks as sick as possible!
Duvessa is heavily wounded.
Duvessa hits you with a short sword.
You hit Duvessa.
Duvessa looks as sick as possible!
Duvessa is severely wounded.
Your transformation is almost over.
Duvessa misses you.
Dowan says, "Magic and the sword, together, will defeat you."
You hit Duvessa.
Duvessa looks as sick as possible!
Duvessa is severely wounded.
Duvessa hits you with a short sword.
* * * LOW HITPOINT WARNING * * *
You barely miss Duvessa.
Duvessa is severely wounded.
Duvessa barely misses you.
Dowan says, "Stay away from my face!"
You kill Duvessa!
Dowan seems overcome with grief, but rights himself reflexively soon after.
Dowan seems to find hidden reserves of power!
There is a stone staircase leading up, spattered with blood here.
You closely miss Dowan. Dowan closely misses you. x2
You hit Dowan but do no damage.
Dowan is poisoned.
Dowan misses you.
You completely miss Dowan. Dowan completely misses you.
You barely miss Dowan.
Dowan is lightly wounded.
Your transformation has ended.
Dowan hits you with a dagger.
* * * LOW HITPOINT WARNING * * *
Dowan misses you.
You barely miss Dowan. You grab Dowan.
Dowan is lightly wounded.
You constrict Dowan, but do no damage.
Dowan is distracted by the nearby gold.
Dowan shouts!
You tentacle-slap Dowan.
Dowan is no longer distracted by gold.
Dowan is lightly wounded.
You constrict Dowan.
Dowan points at you and mumbles some strange words.
The shard of ice hits you!
Ouch! That really hurt!
You die...
Your body crumbles into a pile of gold.

#.........<..#........#..
#............#........#..
########.#####........#..
. #####............#.. ..
#...#............#.. ...
#...#............##' .e..
#...#..............) .....
#...#...............
......#.e@#...............
......'$..'...............
......#...#...............
.##################.......
#....... #....... #.......
#....... #.......


You could see Dowan.

Vanquished Creatures
  Edmund (D:4)
  Duvessa (D:4)
  A phantom (D:4)
  A centaur skeleton (D:4)
  2 orc priests (D:4)
  An orc wizard (D:4)
  6 gnolls (D:2)
  5 adders
  3 worms
  6 dart slugs
  5 leopard geckos
  7 orcs
  5 bats
  2 giant cockroaches
  3 goblins
  7 hobgoblins
  11 jackals
  6 kobolds
  A quokka (D:3)
  3 frilled lizards
  A leopard gecko skeleton (D:4)
  8 rats
86 creatures vanquished.

Notes
Turn   | Place    | Note
-------+----------+-------------------------------------------
     0 | D:1      | Amnesiac the Octopode Transmuter began the quest for the Orb.
     0 | D:1      | Reached XP level 1. HP: 13/13 MP: 3/3
    95 | D:1      | Reached XP level 2. HP: 17/18 MP: 5/5
   119 | D:1      | Reached skill level 3 in Transmutations
   129 | D:1      | Learned a level 2 spell: Sticks to Snakes
   621 | D:1      | Reached XP level 3. HP: 23/23 MP: 6/6
  1059 | D:2      | Learned a level 3 spell: Spider Form
  1196 | D:2      | Reached skill level 4 in Transmutations
  1359 | D:2      | Reached XP level 4. HP: 19/28 MP: 3/7
  2233 | D:2      | Reached skill level 5 in Transmutations
  2233 | D:2      | Reached XP level 5. HP: 24/33 MP: 4/8
  3371 | D:4      | Found a staircase to the Ecumenical Temple.
  3387 | D:4      | Reached XP level 6. HP: 12/41 MP: 6/9
  3407 | Temple   | Entered the Ecumenical Temple
  3758 | Temple   | Became a worshipper of Gozag Ym Sagoz the Greedy
  3832 | D:4      | Noticed Edmund
  3895 | D:4      | Killed Edmund
  3895 | D:4      | Reached XP level 7. HP: 17/46 MP: 7/10
  4418 | D:4      | Noticed Duvessa
  4426 | D:4      | Noticed Dowan
  4434 | D:4      | Killed Duvessa
  4440 | D:4      | Killed from afar by Dowan

Vault maps used:
D:1:      ncdulo_halloftheorcs, corexii_corridor_pit, minmay_curled_crystal,
          hangedman_abyss_or_decor_stabs
D:3:      first_ration
D:4:      minmay_temple_entry_statues_pillars, uniq_duvessa, uniq_edmund
Temple:   eino_narrow_crystal_temple

Skill      XL: |  1  2  3  4  5  6 |
---------------+-------------------+-----
Transmutations | 3 4 5 |  5.0
Fighting       | 2 3 |  3.6
Dodging        | 3 |  3.6
Unarmed Combat | 4 |  4.8
Spellcasting   | |  2.0

Action                   |  1- 3 |  4- 6 |  7- 9 || total
-------------------------+-------+-------+-------++-------
Melee: Unarmed           |    92 |   146 |    42 ||   280
       Constrict         |    23 |    18 |     2 ||    43
       Tentacles         |    13 |    14 |     1 ||    28
       Punch             |     1 |       |       ||     1
 Cast: Spider Form       |     2 |    10 |     4 ||    16
       Sticks to Snakes  |       |       |     3 ||     3
 Stab: Sleeping          |     7 |     4 |       ||    11
       Distracted        |       |       |     1 ||     1
  Eat: Chunk             |     2 |     7 |       ||     9
       Ration            |       |     1 |     1 ||     2
Armor: Skin              |    14 |     4 |     2 ||    20
Dodge: Dodged            |    62 |    86 |    21 ||   169

Table legend:
 A = Spawn XP
 B = Non-spawn XP
 C = Spawn XP percentage of total XP
 D = Spawn monster count
 E = Non-spawn monster count
 F = Spawn count percentage of total count
 G = Total turns spent on level
                    A         B        C        D         E        F      G
               +---------+---------+-------+---------+---------+-------+---------
         Total |       0 |     874 |   0.0 |       0 |      86 |   0.0 |  4440
               +---------+---------+-------+---------+---------+-------+---------
           D:1 |       0 |      46 |   0.0 |       0 |      23 |   0.0 |  1203
           D:2 |       0 |     155 |   0.0 |       0 |      26 |   0.0 |  1440
           D:3 |       0 |      70 |   0.0 |       0 |      23 |   0.0 |   864
           D:4 |       0 |     603 |   0.0 |       0 |      14 |   0.0 |   575
               +---------+---------+-------+---------+---------+-------+---------
